 Dungeon Crawl Stone Soup version 0.31-a0-121-g1e386dd289 (webtiles) character file.

Game seed: 14371286762891689347

511 gelatine the Shield-Bearer (level 6, 0/48 HPs)
             Began as a Demonspawn Fighter on May 31, 2023.
             Slain by a lemure (2 damage)
             ... led by Pikel
             ... on level 4 of the Dungeon.
             The game lasted 00:07:31 (2509 turns).

gelatine the Shield-Bearer (Demonspawn Fighter)     Turns: 2509, Time: 00:07:35

Health: 0/48       AC: 11    Str: 18    XL:     6   Next: 99%
Magic:  6/6        EV: 10    Int:  9    God:
Gold:   87         SH: 10    Dex: 13    Spells: 5/5 levels left

rFire   . . .        a - +0 war axe
rCold   . . .        c - +0 buckler
rNeg    . . .        b - +0 scale mail
rPois   .            m - +0 helmet
rElec   .            f - +0 cloak
rCorr   +            (no gloves)
SInv    .            (no boots)
Will    .....        k - amulet of reflection Stlth
                     u - ring of resist corrosion
HPRegen 0.28/turn    (no ring)
MPRegen 0.20/turn

%: reflection
@: no status effects
A: yellow scales 1, magic regeneration, condensation shield
a: no special abilities


You were on level 4 of the Dungeon.
You visited 1 branch of the dungeon, and saw 4 of its levels.

You collected 147 gold pieces.
You spent 60 gold pieces at shops.

Inventory:

Hand Weapons
 a - a +0 war axe (weapon)
Armour
 b - a +0 scale mail (worn)
 c - a +0 buckler (worn)
 f - a +0 cloak (worn)
 m - a +0 helmet (worn)
Jewellery
 k - an amulet of reflection (around neck)
 u - a ring of resist corrosion (left hand)
Wands
 d - a wand of digging (7)
Scrolls
 e - 2 scrolls of poison {unknown}
 n - a scroll of fear
 p - a scroll of enchant weapon {unknown}
 q - a scroll of teleportation {unknown}
 t - a scroll of fog {unknown}
Potions
 g - 3 potions of curing
 h - a potion of heal wounds
 i - a potion of resistance
 j - 2 potions of might
 l - a potion of mutation
 o - a potion of degeneration {unknown}
 r - 2 potions of attraction {unknown}
 s - a potion of magic {unknown}


   Skills:
 * Level 4.0 Fighting
 * Level 4.1 Axes
 * Level 3.8 Armour
 * Level 2.3 Dodging
 + Level 0.1 Stealth
 * Level 4.1 Shields


You had 5 spell levels left.
You didn't know any spells.
Your spell library contained the following spells:

 Spells                   Type           Power      Damage    Failure   Level
 Beastly Appendage        Tmut           0%         N/A       83%         1
 Wereblood                Tmut           0%         N/A       93%         2
 Spider Form              Tmut/Pois      0%         N/A       99%         3


Dungeon Overview and Level Annotations

Branches:
Dungeon (4/15)
 Temple: D:4-7

Altars:

Shops:
D:1 ?   D:4 [

Annotations:
D:4 Pikel


Innate Abilities, Weirdness & Mutations

You are partially covered in yellow scales. (AC +2)
You regenerate magic rapidly.
A meltable shield of frost defends you. (SH +0)


Message History

Unknown command.
You closely miss Pikel.
Pikel is severely wounded.
You barely miss the lemure. x2; The lemure closely misses you.
Pikel hits you with a +1 whip of flaming.
Pikel burns you. The lemure hits you.
* * * LOW HITPOINT WARNING * * *
The lemure closely misses you. You block the lemure's attack.
You block Pikel's attack.
You barely miss Pikel.
Pikel is severely wounded.
You hit the lemure but do no damage. You hit the lemure.
You kill the lemure!
That felt strangely unrewarding.
You block Pikel's attack. The lemure hits you but does no damage.
Unknown command.
You completely miss Pikel.
Pikel is severely wounded.
You hit the lemure. The lemure hits you but does no damage.
You block Pikel's attack.
Unknown command.
You barely miss Pikel.
Pikel is severely wounded.
You slash the lemure! Pikel barely misses you. The lemure hits you.
* * * LOW HITPOINT WARNING * * *
Unknown command.
You hit Pikel but do no damage.
Pikel is severely wounded.
You hit the lemure but do no damage.
Pikel hits you with a +1 whip of flaming.
* * * LOW HITPOINT WARNING * * *
Pikel burns you.
* * * LOW HITPOINT WARNING * * *
You block the lemure's attack.
Pikel hits you with a +1 whip of flaming.
* * * LOW HITPOINT WARNING * * *
Pikel burns you.
* * * LOW HITPOINT WARNING * * *
The lemure hits you.
You die...

..# #.
##......#..#...#
.....#.............##
#..................##
.....#.....##.......#
......#..............#
................#..###
....:..........###.#
..............#####
......##@###....#
...##..K.5##...##
#.........##..##
...........#...#
...............#
.........#....##
.......###..###
$...... #### .......


You could see Pikel and a lemure.

Vanquished Creatures
  Grinder (D:3)
  Sigmund (D:3)
  3 lemures (D:4)
  An orc wizard (D:4)
  Robin (D:2)
  4 adders
  A dart slug (D:4)
  4 orcs
  5 endoplasms
  5 giant cockroaches
  13 goblins
  8 hobgoblins
  5 kobolds
  4 quokkas
  6 ball pythons
  3 frilled lizards
  4 rats
69 creatures vanquished.

Notes
Turn   | Place    | Note
-------+----------+-------------------------------------------
     0 | D:1      | gelatine the Demonspawn Fighter began the quest for the
                  | Orb.
     0 | D:1      | Reached XP level 1. HP: 18/18 MP: 1/1
   262 | D:1      | Found Duyzuosa's Magic Scroll Emporium.
   279 | D:1      | Gained mutation: A meltable shield of frost defends you.
                  | (SH +0) [demonic ancestry]
   279 | D:1      | Reached XP level 2. HP: 24/24 MP: 2/2
   857 | D:1      | Bought a scroll of fear for 40 gold pieces
   857 | D:1      | Bought a scroll of identify for 20 gold pieces
   919 | D:2      | Reached XP level 3. HP: 16/29 MP: 3/3
  1125 | D:2      | Noticed Robin
  1152 | D:2      | Killed Robin
  1241 | D:2      | Gained mutation: You are partially covered in yellow
                  | scales. (AC +2) [demonic ancestry]
  1241 | D:2      | Reached XP level 4. HP: 35/35 MP: 4/4
  1328 | D:2      | Noticed a shining eye
  1331 | D:2      | Found a faded altar of an unknown god.
  1332 | D:2      | Noticed a shining eye
  1332 | D:2      | Noticed a floating eye
  1332 | D:2      | Noticed a great orb of eyes
  1688 | D:3      | Reached skill level 1 in Dodging
  2021 | D:3      | Noticed Sigmund
  2034 | D:3      | Killed Sigmund
  2035 | D:3      | Gained mutation: You regenerate magic rapidly. [demonic
                  | ancestry]
  2035 | D:3      | Reached XP level 5. HP: 40/42 MP: 5/5
  2035 | D:3      | Reached XP level 6. HP: 46/48 MP: 6/6
  2130 | D:3      | Noticed Grinder
  2132 | D:3      | Paralysed by Grinder for 3 turns
  2146 | D:3      | Paralysed by Grinder for 5 turns
  2152 | D:3      | Paralysed by Grinder for 3 turns
  2158 | D:3      | Paralysed by Grinder for 2 turns
  2161 | D:3      | Killed Grinder
  2437 | D:4      | Found Akirgh's Armour Boutique.
  2482 | D:4      | Noticed Pikel
  2509 | D:4      | HP: 2/48 [Pikel/+1 whip of flaming (2)]
  2509 | D:4      | Slain by a lemure

Illustrated notes

Levels and vault maps discovered:
D:1:      psy_arrival_terrarium, layout_basic, serial_shops, shop
D:2:      layout_loops_ring, hellmonk_ecumenical_altar_watching_god, uniq_robin
D:3:      layout_basic, chequers_decorated_corner, uniq_sigmund, uniq_grinder
D:4:      layout_cave_pools, temple_green, serial_shops, shop,
          minmay_misc_feat_nine_boxes, uniq_pikel, uniq_eustachio, uniq_ijyb

Skill      XL: |  1  2  3  4  5  6 |
---------------+-------------------+-----
Axes           | 2 3 4 |  4.1
Shields        | 3 4 |  4.1
Armour         | 3 |  3.8
Dodging        | 2 |  2.3
Fighting       | 4 |  4.0
Stealth        | |  0.1

Action                     |  1- 3 |  4- 6 || total
---------------------------+-------+-------++-------
  Melee: War axe           |    98 |   131 ||   229
    Use: Scroll            |     5 |       ||     5
         Potion            |     1 |     4 ||     5
   Stab: Invisible         |       |     2 ||     2
 Armour: Scale mail        |    45 |    57 ||   102
  Dodge: Dodged            |    41 |    56 ||    97
  Block: Buckler           |    74 |   104 ||   178

Table legend: (Time is in decaauts)
 A = Elapsed time spent in this place.
 B = Non-inter-level travel time spent in this place.
 C = Inter-level travel time spent in this place.
 D = Time resting spent in this place.
 E = Time spent auto-exploring this place.
 F = Levels seen in this place.
 G = Mean time per level.
                   A        B        C        D        E       F      G
               +--------+--------+--------+--------+--------+-----+--------+
         Total |   2598 |   2505 |     93 |      0 |   1828 |   4 |  649.5 |
       Dungeon |   2598 |   2505 |     93 |      0 |   1828 |   4 |  649.5 |
               +--------+--------+--------+--------+--------+-----+--------+

Top non-repeatable levels by time:
     D:1: 896 daAuts
     D:2: 758 daAuts
     D:3: 740 daAuts
     D:4: 203 daAuts
